 Dungeon Crawl Stone Soup version 0.22.1-2-g9c5b331 (webtiles) character file.

3986 Gearfox the Cleaver (level 10, -2/91 HPs)
             Began as a Hill Orc Fighter on Nov 28, 2018.
             Was a Priest of Okawaru.
             Killed themself with a badly aimed iceblast (19 damage)
             ... on level 8 of the Dungeon.
             The game lasted 00:38:19 (8986 turns).

Gearfox the Cleaver (Hill Orc Fighter)              Turns: 8986, Time: 00:38:20

Health: -2/91      AC: 10    Str: 27    XL:     10   Next: 22%
Magic:  10/13      EV: 13    Int:  8    God:    Okawaru [***...]
Gold:   421        SH: 16    Dex: 10    Spells: 9/9 levels left

rFire    . . .     SeeInvis .   o - +2 flail
rCold    . . .     Gourm    .   c - +2 shield
rNeg     + . .     Faith    .   x - +0 ring mail "Ogourgh" {*Contam Str+4}
rPois    .         Spirit   .   (no helmet)
rElec    .         Reflect  .   h - +0 cloak
rCorr    .         Harm     .   (no gloves)
MR       .....                  q - +0 pair of boots
Stlth    +++.......             j - amulet of the acrobat
HPRegen  0.25/turn              p - ring of positive energy
MPRegen  0.13/turn              z - ring of stealth

@: heroism
A: no striking features
a: Heroism, Renounce Religion


You were on level 8 of the Dungeon.
You worshipped Okawaru.
Okawaru was most pleased with you.
You were not hungry.

You visited 1 branch of the dungeon, and saw 8 of its levels.

You collected 421 gold pieces.

Inventory:

Hand Weapons
 a - a +0 war axe
 o - a +2 flail (weapon)
Missiles
 u - 22 arrows (quivered)
Armour
 b - a +0 scale mail
 c - a +2 shield (worn)
 h - a +0 cloak (worn)
 q - a +0 pair of boots (worn)
 s - a cursed +0 plate armour
 w - a +3 ring mail of cold resistance
 x - the +0 ring mail "Ogourgh" (worn) {*Contam Str+4}
   (You found it on level 4 of the Dungeon)

   It affects your strength (+4).
   It causes magical contamination when unequipped.
 E - a +1 leather armour of magic resistance
Jewellery
 j - an amulet of the acrobat (around neck)
 m - an uncursed amulet of the gourmand
 p - a ring of positive energy (left hand)
 z - a ring of stealth (right hand)
 H - an uncursed ring of magical power {unknown}
Wands
 k - a wand of iceblast (10)
 y - a wand of paralysis (17)
 B - a wand of flame (20)
 C - a wand of digging (14)
Scrolls
 t - a scroll of enchant armour
 v - 3 scrolls of magic mapping
 A - a scroll of teleportation
 D - 3 scrolls of amnesia
Potions
 d - a potion of invisibility {unknown}
 e - 3 potions of curing
 g - a potion of degeneration {unknown}
 i - a potion of lignification {unknown}
 l - a potion of agility {unknown}
 n - a potion of haste {unknown}
 r - 2 potions of brilliance {unknown}
Comestibles
 f - 16 rations


   Skills:
 + Level 9.5(14.5) Fighting
 - Level 10.0(15.1) Axes
 * Level 1.0(10.3) Maces & Flails
 - Level 6.0(11.0) Armour
 - Level 9.0(14.0) Shields
 - Level 4.1 Evocations


You had 9 spell levels left.
You didn't know any spells.
Your spell library contained the following spells:

 Spells                   Type           Power        Failure   Level  Hunger
 Corona                   Hex            #......      56%         1    ##.....
 Ensorcelled Hibernation  Hex/Ice        #.....       71%         2    ###....
 Confuse                  Hex            #.......     90%         3    ####...
 Dazzling Spray           Conj/Hex       #.....       90%         3    ####...
 Tukima's Dance           Hex            #.......     90%         3    ####...


Dungeon Overview and Level Annotations

Branches:
Dungeon (8/15)             Temple (0/1) D:6
   Lair: D:8-11

Altars:
Ashenzari
Cheibriados
Elyvilon
Kikubaaqudgha
Okawaru
Ru
Trog
Uskayaw
Wu Jian
Xom
Yredelemnul
The Shining One

Annotations:
D:8 Erica


Message History

* * * LOW HITPOINT WARNING * * *
Something hits you.
* * * LOW HITPOINT WARNING * * *
Something burns you.
* * * LOW HITPOINT WARNING * * *
The kobold hits you but does no damage.
You feel better. You block the big kobold's attack.
Something completely misses you. The kobold misses you.
You feel better. You block the big kobold's attack.
The kobold barely misses you. Something hits you but does no damage.
You hit something. You block the big kobold's attack.
You thump something! You block the kobold's attack.
Something barely misses you. You block the big kobold's attack.
Aiming: Iceblast
Press: ? - help, Shift-Dir - straight line The mass of ice explodes!
The iceblast engulfs something.
The iceblast engulfs the big kobold.
The big kobold is severely wounded.
The iceblast engulfs you!
You die...

.# >. .# ... .# ....#
.################+##....#
................(.......#
................(.......#
#####...########.........
#...# #........(.....
#...# #....)@{.......
#####...# #.....KK)......
........# #......(####...
.......## #.......# ..
.......# #.......#
.......# #.......#
.......####.......#
.......##.....(...#
..................#


You could see a big kobold and a kobold.

Vanquished Creatures
  Harold (D:7)
  6 yaks (D:7)
  An orc warrior (D:7)
  A phantom (D:5)
  A sky beast (D:5)
  An ogre (D:6)
  A centaur (D:4)
  2 bullfrogs (D:6)
  A big kobold (D:7)
  2 gnoll sergeants
  2 scorpions
  5 killer bees (D:5)
  5 howler monkeys
  4 wights (D:7)
  2 crimson imps (D:7)
  A quasit (D:7)
  A centaur zombie (D:7)
  2 jellies
  3 hounds
  6 orc wizards
  6 worker ants
  A hound zombie (D:7)
  A worker ant zombie (D:6)
  A howler monkey zombie (D:4)
  15 gnolls
  6 adders
  A howler monkey skeleton (D:6)
  A shadow imp (D:6)
  3 worms
  4 leopard geckos
  30 orcs
  6 bats
  4 bat zombies (D:5)
  11 giant cockroaches
  10 goblins
  7 hobgoblins
  8 jackals
  15 kobolds
  3 quokkas
  6 ball pythons
  2 frilled lizards (D:2)
  A quokka skeleton (D:7)
  A quokka zombie (D:5)
  7 rats
  A rat zombie (D:5)
199 creatures vanquished.

Vanquished Creatures (others)
  A kobold (D:8)
1 creature vanquished.

Grand Total: 200 creatures vanquished

Notes
Turn   | Place    | Note
-------+----------+-------------------------------------------
     0 | D:1      | Gearfox the Hill Orc Fighter began the quest for the Orb.
     0 | D:1      | Reached XP level 1. HP: 19/19 MP: 1/1
    60 | D:1      | Reached XP level 2. HP: 26/27 MP: 2/2
   820 | D:2      | Reached skill level 5 in Fighting
   820 | D:2      | Reached XP level 3. HP: 34/36 MP: 3/3
  1157 | D:2      | Found a shattered altar of Ashenzari.
  1174 | D:2      | Reached XP level 4. HP: 13/44 MP: 4/4
  1715 | D:2      | Found an iron altar of Okawaru.
  1744 | D:2      | Became a worshipper of Warmaster Okawaru
  2247 | D:3      | Reached XP level 5. HP: 43/52 MP: 5/5
  2647 | D:3      | Reached skill level 3 in Axes
  2725 | D:3      | Found a glowing golden altar of the Shining One.
  3294 | D:4      | Reached skill level 4 in Axes
  3294 | D:4      | Reached XP level 6. HP: 49/60 MP: 6/6
  3544 | D:4      | Reached skill level 5 in Axes
  3624 | D:4      | Reached * piety under Okawaru
  3624 | D:4      | Reached skill level 6 in Axes
  3730 | D:4      | Got a jasper-encrusted ring mail
  3741 | D:4      | Identified the cursed +0 ring mail "Ogourgh" {*Contam
                  | Str+4} (You found it on level 4 of the Dungeon)
  4472 | D:5      | Entered Level 5 of the Dungeon
  4491 | D:5      | Reached XP level 7. HP: 64/66 MP: 4/7
  4492 | D:5      | Reached skill level 7 in Axes
  4506 | D:5      | Reached skill level 8 in Axes
  5033 | D:5      | Reached ** piety under Okawaru
  5033 | D:5      | Reached skill level 5 in Armour
  5033 | D:5      | Reached XP level 8. HP: 70/73 MP: 8/8
  5564 | D:5      | Found an ancient bone altar of Kikubaaqudgha.
  5806 | D:6      | Found a white marble altar of Elyvilon.
  6078 | D:6      | Found a sacrificial altar of Ru.
  6146 | D:6      | Reached skill level 5 in Shields
  6673 | D:6      | Reached skill level 9 in Axes
  6740 | D:6      | Found a staircase to the Ecumenical Temple.
  7585 | D:7      | Reached skill level 10 in Axes
  7585 | D:7      | Reached XP level 9. HP: 72/79 MP: 6/9
  7742 | D:7      | Reached skill level 1 in Evocations
  7829 | D:7      | Found a basalt altar of Yredelemnul.
  7907 | D:7      | Noticed Harold
  7922 | D:7      | Killed Harold
  7922 | D:7      | Reached *** piety under Okawaru
  7970 | D:7      | Reached XP level 10. HP: 47/88 MP: 10/13
  8545 | D:7      | Found a hide-covered altar of Uskayaw.
  8548 | D:7      | Found an ornate altar of the Wu Jian Council.
  8548 | D:7      | Found a bloodstained altar of Trog.
  8552 | D:7      | Found a glowing golden altar of the Shining One.
  8552 | D:7      | Found a snail-covered altar of Cheibriados.
  8553 | D:7      | Found a shimmering altar of Xom.
  8956 | D:8      | Noticed Erica
  8972 | D:8      | Reached skill level 1 in Maces & Flails
  8976 | D:8      | HP: 4/91 [something (2)]
  8981 | D:8      | HP: 3/91 [something (3)]
  8986 | D:8      | Killed themself with a badly aimed iceblast

Skill      XL: |  1  2  3  4  5  6  7  8  9 10 |
---------------+-------------------------------+-----
Fighting       | 4 5 6 7 8 9 |  9.5
Axes           | 4 6 8 10 | 10.0
Armour         | 5 6 |  6.0
Shields        | 4 6 9 |  9.0
Evocations     | 4 |  4.1
Maces & Flails | 1 |  1.0

Action                   |  1- 3 |  4- 6 |  7- 9 | 10-12 || total
-------------------------+-------+-------+-------+-------++-------
Melee: War axe           |   102 |   184 |   315 |    51 ||   652
       Flail             |       |       |       |    32 ||    32
Invok: Heroism           |       |     1 |    14 |     5 ||    20
Evoke: Wand              |       |       |     2 |     1 ||     3
  Use: Scroll            |     4 |     7 |     5 |       ||    16
       Potion            |     1 |     1 |     1 |     4 ||     7
 Stab: Sleeping          |       |       |     1 |       ||     1
       Paralysed         |       |       |     9 |       ||     9
  Eat: Chunk             |     1 |    17 |    11 |    15 ||    44
Armor: Scale mail        |    72 |    61 |       |       ||   133
       Ring mail         |       |    11 |    87 |    11 ||   109
Dodge: Dodged            |    50 |    75 |   127 |    34 ||   286
Block: Shield            |    78 |   117 |   190 |    86 ||   471
